 Dungeon Crawl Stone Soup version 0.29-a0-653-gd47aff6735 (webtiles) character file.

Game seed: 7876755821829195376

2 omnomnOMINOUS the Magician (level 1, -1/11 HPs)
             Began as an Octopode Wanderer on June 22, 2022.
             Slain by a hobgoblin (2 damage)
             ... on level 1 of the Dungeon.
             The game lasted 00:01:08 (236 turns).

omnomnOMINOUS the Magician (Octopode Wanderer)       Turns: 236, Time: 00:01:09

Health: -1/11      AC:  1    Str:  6 (9)  XL:     1   Next: 40%
Magic:  3/5        EV: 12    Int: 15 (18) God:
Gold:   0          SH:  0    Dex:  8 (9)  Spells: 7/8 levels left

rFire   . . .      SeeInvis .   a - +0 dagger
rCold   . . .      Faith    .   (no shield)
rNeg    . . .      Spirit   .   (helmet restricted)
rPois   .          Reflect  .   (no amulet)
rElec   .          Harm     .   (no ring)
rCorr   .          Rampage  .   (no ring)
Will    .....                   (no ring)
Stlth   ++........              (no ring)
HPRegen 0.03/turn               (no ring)
MPRegen 0.09/turn               (no ring)
                                (no ring)
                                (no ring)

@: no status effects
A: almost no armour, amphibious, 8 rings, camouflage 1, gelatinous body 1,
(nimble swimmer 1), tentacles
a: no special abilities


You were on level 1 of the Dungeon.
You visited 1 branch of the dungeon, and saw 1 of its levels.

Inventory:

Hand Weapons
 a - a +0 dagger (weapon)
Missiles
 b - 11 poisoned darts (quivered)
Scrolls
 c - a scroll of fog


   Skills:
 + Level 0.2 Fighting
 - Level 1.0 Throwing
 + Level 0.2 Dodging
 - Level 4.0 Spellcasting
 + Level 0.2 Conjurations
 - Level 3.0 Hexes
 + Level 2.0 Fire Magic


You had 7 spell levels left.
You knew the following spells:

 Your Spells              Type           Power      Damage    Failure   Level
a - Foxfire               Conj/Fire      24%        2x1d5     12%         1

Your spell library contained the following spells:

 Spells                   Type           Power      Damage    Failure   Level
 Slow                     Hex            48%        N/A       5%          1
 Ensorcelled Hibernation  Hex/Ice        14%        N/A       14%         2
 Confusing Touch          Hex            12%        N/A       16%         3
 Conjure Flame            Conj/Fire      6%         6-21      34%         3


Dungeon Overview and Level Annotations

Branches:
Dungeon (1/15)

Altars:


Innate Abilities, Weirdness & Mutations

You cannot wear most types of armour.
You are amphibious.
You can wear up to eight rings at the same time.
Your skin changes colour to match your surroundings (Stealth+).
Your rubbery body absorbs attacks. (AC +1, EV +1)
((You are camouflaged when in or above water. (Stealth+)))
You have tentacles for arms and can constrict up to eight enemies at once.


Message History

You closely miss the bat. Your grab misses the bat. The bat barely misses you.
The bat hits you. The bat closely misses you. The bat attacks as you move away!
The bat barely misses you. x2
The bat hits you but does no damage. The bat misses you.
Casting: Foxfire (safe; 10% risk of failure)
Confirm with . or Enter, or press ? or * to list all spells.
You conjure some foxfire!
The bat barely misses you.
You closely miss the bat. Your grab misses the bat.
The foxfire hits the hobgoblin.
The hobgoblin is moderately wounded.
The bat hits you. The bat hits you but does no damage.
You hit the bat. Your grab misses the bat.
The bat is moderately wounded.
The bat closely misses you. The hobgoblin misses you. The bat hits you.
The foxfire hits the bat.
The bat is severely wounded.
The bat completely misses you. The bat hits you. The bat closely misses you.
The hobgoblin hits you.
* * * LOW HITPOINT WARNING * * *
Unknown command.
Casting: Foxfire (safe; 10% risk of failure)
Confirm with . or Enter, or press ? or * to list all spells.
Okay, then.
Unknown command.
Okay, then.
Unknown command.
It was a potion of degeneration.
There was something very wrong with that liquid.
You feel weakened.
You feel dopey.
You feel clumsy.
The bat barely misses you. x2; The hobgoblin hits you.
* * * LOW HITPOINT WARNING * * *
Casting: Foxfire (safe; 12% risk of failure)
Confirm with . or Enter, or press ? or * to list all spells.
You conjure some foxfire!
The bat completely misses you. The bat misses you.
The hobgoblin closely misses you.
Unknown command.
The hobgoblin attacks as you move away! The hobgoblin hits you.
You die...

#.#.#.#.#. ##.#.#.#.#
#.#.#.#.#. ##########
##.#.#.#.# ........#
#.#†#.#.#. ...##.#
###.#.#.#.#
#.#####.##.######..#.#.#.#.
#........vg..b....#.#.#.#.#
......#.##@##.####.#.#.#.#.
...##.#.##.##.# ##.#.#.#.#
# #......##.# #.#.#.#.#.
###.##.##.####.########
####.##.##.##...##......
........##.##.#.##.#####
#####.#.#.#.#.#.##.#####
#.#.#.#.#.#.#...##...
##.#.#.#.#.#....##.##


You could see a hobgoblin (ally target) and a bat.

Vanquished Creatures
  An endoplasm (D:1)
  A giant cockroach (D:1)
2 creatures vanquished.

Vanquished Creatures (others)
  2 foxfires (D:1)
2 creatures vanquished.

Grand Total: 4 creatures vanquished

Notes
Turn   | Place    | Note
-------+----------+-------------------------------------------
     0 | D:1      | omnomnOMINOUS the Octopode Wanderer began the quest for the
                  | Orb.
     0 | D:1      | omnomnOMINOUS set off with the following items: a +0
                  | dagger, 11 poisoned darts, a scroll of fog; and the
                  | following spells available to memorise: Slow, Foxfire,
                  | Ensorcelled Hibernation, Confusing Touch, Conjure Flame.
     0 | D:1      | Reached XP level 1. HP: 11/11 MP: 5/5
     2 | D:1      | Learned a level 1 spell: Foxfire
   236 | D:1      | Slain by a hobgoblin

Illustrated notes

Levels and vault maps discovered:
D:1:      lightli_arrival_quake, layout_loops_ring,
          hellmonk_ecumenical_altar_leap_of_faith, roderic_roman_lattice,
          chequers_serial_rivers_small_b, minivault_23, minivault_23

Action                   || total
-------------------------++-------
Melee: Dagger            ||    12
       Tentacles         ||     3
       Constrict         ||     1
 Cast: Foxfire           ||     2
  Use: Potion            ||     1
 Stab: Sleeping          ||     2
Armor: Skin              ||     2
Dodge: Dodged            ||    21

Table legend: (Time is in decaauts)
 A = Elapsed time spent in this place.
 B = Non-inter-level travel time spent in this place.
 C = Inter-level travel time spent in this place.
 D = Time resting spent in this place.
 E = Time spent auto-exploring this place.
 F = Levels seen in this place.
 G = Mean time per level.
                   A        B        C        D        E       F      G
               +--------+--------+--------+--------+--------+-----+--------+
         Total |    236 |    236 |      0 |      0 |    200 |   1 |  236.0 |
       Dungeon |    236 |    236 |      0 |      0 |    200 |   1 |  236.0 |
               +--------+--------+--------+--------+--------+-----+--------+

Top non-repeatable levels by time:
     D:1: 236 daAuts
